 Dungeon Crawl Stone Soup version 0.20.1-1-g8b1a95d (webtiles) character file.

467 greprep the Chopper (level 6, -1/55 HPs)
             Began as a Minotaur Fighter on July 19, 2017.
             Slain by an orc
             ... wielding a +0 whip
              (3 damage)
             ... while paralysed by Grinder
             ... on level 3 of the Dungeon.
             The game lasted 00:04:07 (2974 turns).

greprep the Chopper (Minotaur Fighter)              Turns: 2974, Time: 00:04:08

Health: -1/55      AC:  7    Str: 23    XL:     6   Next: 81%
Magic:  5/5        EV:  2    Int:  5    God:
Gold:   71         SH:  0    Dex:  9    Spells: 5/5 levels left

rFire    . . .     SeeInvis .   a - +0 war axe
rCold    . . .     Gourm    .   c - +0 shield
rNeg     . . .     Faith    .   b - +0 scale mail
rPois    .         Spirit   .   (helmet restricted)
rElec    .         Reflect  .   (no cloak)
rCorr    .         Harm     .   (no gloves)
MR       .....                  (no boots)
Stlth    ..........             (no amulet)
Regen    0.2/turn               (no ring)
MPRegen  0.1/turn               (no ring)

@: paralysed
A: retaliatory headbutt, horns 2
a: no special abilities


You were on level 3 of the Dungeon.
You were hungry.

You visited 1 branch of the dungeon, and saw 3 of its levels.

You collected 71 gold pieces.

Inventory:

Hand Weapons
 a - a +0 war axe (weapon)
Armour
 b - a +0 scale mail (worn)
 c - a +0 shield (worn)
Scrolls
 i - a scroll of remove curse {unknown}
 j - a scroll of identify {unknown}
 k - 2 scrolls of teleportation {unknown}
Potions
 d - 2 potions of might
 e - 2 potions of curing {unknown}
 h - a potion of degeneration {unknown}
 m - a potion of flight {unknown}
Comestibles
 f - 2 bread rations
 g - a meat ration
 l - a royal jelly


   Skills:
 + Level 4.9 Fighting
 + Level 5.8 Axes
 + Level 5.1 Armour
 + Level 1.8 Dodging
 + Level 5.2 Shields


You had 5 spell levels left.
You didn't know any spells.

Dungeon Overview and Level Annotations

Branches:
Dungeon (3/15)

Altars:
Trog

Annotations:
D:3 Grinder


Innate Abilities, Weirdness & Mutations

You reflexively headbutt those who attack you in melee.
You have a pair of horns on your head.


Message History

You are too injured to fight recklessly!
You are too injured to fight recklessly!
Grinder closely misses you.
You closely miss Grinder.
Grinder is severely wounded.
Grinder hits you but does no damage.
You hit Grinder. You headbutt Grinder.
Grinder is almost dead.
Grinder hits you!
* * * LOW HITPOINT WARNING * * *
You writhe in agony.
* * * LOW HITPOINT WARNING * * *
Grinder gestures at you.
You suddenly lose the ability to move!
Grinder hits you.
* * * LOW HITPOINT WARNING * * *
You writhe in agony.
* * * LOW HITPOINT WARNING * * *
The orc hits you with a whip.
You die...

... #.. #.. ##. #o#
#.# #.# ##. #.#
#####. #.## #.....
##..## #.###.
###5...#######.###.
+.@o#..)(..........
#..###.##(####.###.
#...#..##.# #.####
#.#...###.# #.....
#..(......# ######
#####.##### #.# ..#
##


You could see Grinder and an orc.

Vanquished Creatures
  Sigmund (D:3)
  The ghost of p0werm0de the Skirmisher, an amateur DsFi (D:3)
  A centaur (D:3)
  Robin (D:3)
  6 adders
  An ooze (D:1)
  2 dart slugs
  4 leopard geckos
  2 orcs (D:3)
  2 giant cockroaches
  16 goblins
  6 hobgoblins
  5 jackals
  2 quokkas (D:3)
  6 bats
  7 frilled lizards
  8 kobolds
  5 rats
76 creatures vanquished.

Notes
Turn   | Place    | Note
-------+----------+-------------------------------------------
     0 | D:1      | greprep the Minotaur Fighter began the quest for the Orb.
     0 | D:1      | Reached XP level 1. HP: 19/19 MP: 0/0
    60 | D:1      | Reached XP level 2. HP: 5/27 MP: 1/1
   757 | D:1      | Reached XP level 3. HP: 26/33 MP: 2/2
  1139 | D:2      | Reached XP level 4. HP: 35/40 MP: 3/3
  1335 | D:2      | Reached skill level 1 in Dodging
  1531 | D:3      | Noticed a centaur
  1539 | D:3      | Killed a centaur
  1539 | D:3      | Reached XP level 5. HP: 30/47 MP: 4/4
  1661 | D:3      | Noticed p0werm0de's ghost (amateur DsFi)
  1675 | D:3      | Killed p0werm0de's ghost
  2148 | D:3      | Found a bloodstained altar of Trog.
  2223 | D:3      | Reached XP level 6. HP: 53/53 MP: 5/5
  2259 | D:3      | Reached skill level 5 in Shields
  2402 | D:3      | Noticed Robin
  2416 | D:3      | Killed Robin
  2416 | D:3      | Reached skill level 5 in Axes
  2621 | D:3      | Noticed Sigmund
  2643 | D:3      | Killed Sigmund
  2643 | D:3      | Reached skill level 5 in Armour
  2937 | D:3      | Noticed Grinder
  2972 | D:3      | Paralysed by Grinder for 3 turns
  2973 | D:3      | HP: 2/55 [Grinder (6)]
  2974 | D:3      | Slain by an orc

Skill      XL: |  1  2  3  4  5  6 |
---------------+-------------------+-----
Armour         | 4 5 |  5.1
Shields        | 4 5 |  5.2
Fighting       | 4 |  4.9
Axes           | 3 4 5 |  5.8
Dodging        | 1 |  1.8

Action                   |  1- 3 |  4- 6 || total
-------------------------+-------+-------++-------
Melee: War axe           |    81 |   104 ||   185
       Headbutt          |     9 |    12 ||    21
  Eat: Chunk             |       |     6 ||     6
Armor: Scale mail        |    41 |    37 ||    78
Dodge: Dodged            |    36 |    41 ||    77
Block: Shield            |    50 |    68 ||   118
